 Dungeon Crawl Stone Soup version 0.20.0-15-g7f486f2 (webtiles) character file.

25 straycat the Skirmisher (level 2, -4/23 HPs)
             Began as a Vampire Wanderer on June 27, 2017.
             Slain by a gnoll
             ... wielding a +0 flail
              (11 damage)
             ... on level 1 of the Dungeon.
             The game lasted 00:04:09 (1750 turns).

straycat the Skirmisher (Vampire Wanderer)          Turns: 1750, Time: 00:04:10

Health: -4/23      AC:  3    Str: 10    XL:     2   Next: 86%
Magic:  0/3        EV: 10    Int: 11    God:
Gold:   39         SH:  0    Dex: 17    Spells: 2/3 levels left

rFire    . . .     SeeInvis +   c - +0 dagger
rCold    . . .     Gourm    .   (no shield)
rNeg     + . .     Faith    .   n - +0 leather armour
rPois    .         Spirit   .   (no helmet)
rElec    .         Reflect  .   (no cloak)
rCorr    .         Harm     .   (no gloves)
MR       .....                  (no boots)
Stlth    ++........             (no amulet)
Regen    0.1/turn               (no ring)
MPRegen  0.1/turn               (no ring)

@: no status effects
A: fangs 3, see invisible, unbreathing
a: no special abilities


You were on level 1 of the Dungeon.
You were not thirsty.

You visited 1 branch of the dungeon, and saw 1 of its levels.

You collected 39 gold pieces.

Inventory:

Hand Weapons
 c - a +0 dagger (weapon)
Missiles
 g - 12 arrows
 j - 18 poisoned needles
 k - 27 sling bullets
 l - 51 stones (quivered)
Armour
 b - a +0 ring mail
 n - a +0 leather armour (worn)
Scrolls
 f - a scroll of magic mapping {unknown}
 i - a scroll of identify {unknown}
 m - a scroll of remove curse {unknown}
Potions
 d - 6 potions of blood
 e - a potion of curing {unknown}
 h - a potion of heal wounds {unknown}
Books
 a - a book of Minor Magic

   Spells                             Type                      Level
   a - Magic Dart                     Conjuration                  1
   b - Blink                          Translocation                2
   c - Call Imp                       Summoning                    2
   d - Slow                           Hexes                        2
   e - Conjure Flame                  Conjuration/Fire             3
   f - Mephitic Cloud                 Conjuration/Poison/Air       3


   Skills:
 + Level 2.6 Fighting
 - Level 1.5 Armour
 - Level 1.5 Stealth
 - Level 1.0 Spellcasting
   Level 2.1 Necromancy
   Level 2.0 Air Magic
   Level 1.0 Evocations


You had 2 spell levels left.
You knew the following spells:

 Your Spells              Type           Power        Failure   Level  Hunger
a - Magic Dart            Conj           #...         38%         1    ##.....


Dungeon Overview and Level Annotations

Branches:
Dungeon (1/15)

Altars:


Innate Abilities, Weirdness & Mutations

You have razor-sharp teeth.
You have supernaturally acute eyesight. (SInv)
You can survive without breathing.


Message History

The gnoll is moderately wounded.
You hit the gnoll. You bite the gnoll, but do no damage.
The gnoll is heavily wounded.
The gnoll hits you but does no damage.
You barely miss the gnoll.
The gnoll is heavily wounded.
The gnoll completely misses you.
The leopard gecko hisses angrily.
You hit the gnoll but do no damage. You bite the gnoll.
The gnoll is severely wounded.
The gnoll hits you with a flail!
You hit the gnoll but do no damage.
The gnoll is severely wounded.
The gnoll barely misses you.
You hit the gnoll but do no damage.
The gnoll is severely wounded.
You hit the gnoll.
The gnoll is severely wounded.
The gnoll hits you with a flail!
You die...

..###.####.#.# #..## ......#
#...# #..#. .#########...#
#..#. .'...........# #..#.
.##########..# ###### #..#. .#
##.# #....# #..#. .# ######.#
#....# ###..## ##
#......###....#######......
#.....>.lg@...'.......#..##
#......###....##########.##
#####......#########...........
#............# #.#######.##
#............# #.#.........
###............# #.#.#.....#.
..#............# #.#.#.#####.
..........l..### #.#.#.# #.
##..################ #.#.#.# #.


You could see a gnoll and a leopard gecko.

Vanquished Creatures
  A dart slug (D:1)
  4 bats (D:1)
  2 giant cockroaches (D:1)
  4 goblins (D:1)
  2 hobgoblins (D:1)
  3 jackals (D:1)
  2 kobolds (D:1)
  2 rats (D:1)
20 creatures vanquished.

Notes
Turn   | Place    | Note
-------+----------+-------------------------------------------
     0 | D:1      | straycat the Vampire Wanderer began the quest for the Orb.
     0 | D:1      | straycat set off with: a book of Minor Magic, a +0 ring mail, a +0 dagger, a potion of blood
     0 | D:1      | Reached XP level 1. HP: 15/15 MP: 2/2
     6 | D:1      | Learned a level 1 spell: Magic Dart
   484 | D:1      | Reached XP level 2. HP: 21/22 MP: 3/3
  1750 | D:1      | Slain by a gnoll

Skill      XL: |  1  2 |
---------------+-------+-----
Fighting       | 2 |  2.6
Armour         | |  1.5
Stealth        | |  1.5
Spellcasting   | |  1.0
Necromancy     | |  2.1
Air Magic      | |  2.0
Evocations     | |  1.0

Action                   || total
-------------------------++-------
Melee: Dagger            ||   120
       Bite              ||    14
 Cast: Magic Dart        ||    11
  Use: Potion            ||     1
 Stab: Sleeping          ||     3
  Eat: Corpse            ||     1
Armor: Ring mail         ||    46
       Leather armour    ||    15
Dodge: Dodged            ||    76
